 Dungeon Crawl Stone Soup version 0.29.1-15-g9cfb28693d (webtiles) character file.

Game seed: 8157002707732883057

8518 n0ni the Thaumaturge (level 11, 0/73 HPs)
             Began as a Spriggan Earth Elementalist on Mar 7, 2023.
             Was a High Priest of Fedhas.
             Slain by a wolf (1 damage)
             ... on level 11 of the Dungeon on Mar 8, 2023.
             The game lasted 01:37:21 (20703 turns).

n0ni the Thaumaturge (Spriggan Earth Elementalist) Turns: 20703, Time: 01:37:21

Health: 0/73       AC:  7    Str:  4    XL:     11   Next: 11%
Magic:  0/29       EV: 25    Int: 20    God:    Fedhas [*****.]
Gold:   763        SH:  0    Dex: 23    Spells: 6/36 levels left

rFire   . . .      SeeInvis +   o - +1 morningstar (vamp)
rCold   . . .      Faith    .   (no shield)
rNeg    . . .      Spirit   +   w - +0 steam dragon scales
rPois   .          Reflect  .   (helmet restricted)
rElec   .          Harm     .   r - +1 cloak of Starlight {*Dazzle EV+4 Stlth--}
rCorr   .          Rampage  .   (gloves unavailable)
Will    +....                   (boots unavailable)
Stlth   ..........              b - amulet of guardian spirit
HPRegen 0.22/turn               A - +6 ring of dexterity
MPRegen 0.21/turn               (no ring)

@: mighty, brilliant, berserking, slowed, very quick
A: very small, no large weapons, unfitting armour, see invisible, speed 3
a: Renounce Religion, Wall of Briars, Grow Ballistomycete, Overgrow, Grow Oklob


You were on level 11 of the Dungeon.
You worshipped Fedhas.
Fedhas was extremely pleased with you.
You visited 2 branches of the dungeon, and saw 12 of its levels.
You also visited: Ossuary.

You collected 1635 gold pieces.
You spent 872 gold pieces at shops.

Inventory:

Hand Weapons
 d - a +1 vorpal mace
 o - a +1 vampiric morningstar (weapon)
Armour
 r - the +1 cloak of Starlight (worn) {*Dazzle EV+4 Stlth--}
   (You bought it in a shop on level 3 of the Dungeon)

   It may blind those who miss an attack against the wearer in melee combat.
   EV:        It affects your evasion (+4).
   Stlth:     It makes you much less stealthy.
 w - +0 steam dragon scales (worn)
 y - a scarf of resistance
Magical Staves
 g - a staff of cold
Jewellery
 b - an amulet of guardian spirit (around neck)
 x - a ring of resist corrosion
 A - a +6 ring of dexterity (left hand)
Wands
 e - a wand of flame (9) (quivered)
Scrolls
 a - a scroll of amnesia
 c - a scroll of immolation
 f - a scroll of vulnerability
 m - a scroll of enchant armour
 s - a scroll of brand weapon
Potions
 h - a potion of flight
 i - a potion of brilliance
 j - 2 potions of lignification
 q - 3 potions of attraction
 t - 2 potions of berserk rage
 u - a potion of mutation
 B - a potion of cancellation
 C - a potion of experience


   Skills:
 + Level 1.2 Fighting
 + Level 2.8 Maces & Flails
 + Level 5.1 Dodging
 + Level 7.0 Stealth
 + Level 13.2 Spellcasting
 + Level 4.0 Conjurations
 + Level 1.5 Hexes
 + Level 0.8 Necromancy
 + Level 2.2 Transmutations
 + Level 0.1 Ice Magic
 + Level 9.1 Earth Magic
 + Level 1.2 Invocations
 + Level 2.2 Evocations


You had 6 spell levels left.
You knew the following spells:

 Your Spells              Type           Power      Damage    Failure   Level
a - Sandblast             Erth           100%       2d20      1%          1
b - Ozocubu's Armour      Ice            20%        N/A       14%         3
c - Tukima's Dance        Hex            29%        N/A       8%          3
d - Stone Arrow           Conj/Erth      100%       3d13      1%          3
e - Petrify               Tmut/Erth      52%        N/A       4%          4
f - Agony                 Necr           24%        N/A       69%         5
g - Passwall              Tmut/Erth      43%        N/A       1%          2
h - Necrotise             Necr           96%        1d8       3%          1
i - Lehudib's Crystal Sp  Conj/Erth      28%        10d7      100%        8

Your spell library contained the following spells:

 Spells                   Type           Power      Damage    Failure   Level
 Summon Small Mammal      Summ           76%        N/A       4%          1
 Conjure Flame            Conj/Fire      31%        6-21      7%          3
 Ignite Poison            Fire/Tmut/Pois 24%        N/A       11%         3
 Summon Guardian Golem    Hex/Summ       24%        N/A       11%         3
 Vampiric Draining        Necr           24%        2d7       11%         3
 Call Canine Familiar     Summ           19%        N/A       16%         3
 Sticky Flame             Conj/Fire      31%        2d5       22%         4
 Passage of Golubria      Tloc           19%        N/A       45%         4
 Yara's Violent Unravell  Hex/Tmut       15%        3d8       54%         5
 Silence                  Hex/Air        12%        N/A       71%         5
 Ozocubu's Refrigeration  Ice            10%        4d9       100%        7


Dungeon Overview and Level Annotations

Branches:
Dungeon (11/15)            Temple (1/1) D:7            Lair (0/5) D:11
Ossuary (visited)
    Orc: D:9-12

Altars:
Ashenzari
Cheibriados
Dithmenos
Elyvilon
Fedhas
Gozag
Kikubaaqudgha
Makhleb
Nemelex Xobeh
Okawaru
Qazlal
Ru
Sif Muna
Trog
Uskayaw
Vehumet
Wu Jian
Xom
Yredelemnul
Zin
The Shining One

Shops:
D:3 [   D:4 (


Innate Abilities, Weirdness & Mutations

You are very small and have problems with some larger weapons.
You are too small for most types of armour.
You have supernaturally acute eyesight. (SInv)
You cover ground extremely quickly. (Speed+++)


Message History

* * * LOW HITPOINT WARNING * * *
The wraith drains your vigour!
You feel as though you will be slow longer.
The black bear barely misses you. The black bear completely misses you.
The black bear misses you.
The wyvern bites the bush.
The wyvern bites your briar patch. The wolf bites you.
* * * LOW HITPOINT WARNING * * *
The scorpion stings the bush.
The wolf completely misses you.
You sock the wraith!
The wraith is almost destroyed.
The wolf completely misses you.
The wyvern is struck by your briar patch's thorns.
The wyvern bites your briar patch but does no damage.
The wyvern bites the bush!
The wolf bites you but does no damage. The wraith completely misses you.
The black bear misses you. x2
The black bear completely misses you.
The scorpion stings the bush but does no damage.
The wolf bites you!
* * * LOW HITPOINT WARNING * * *
The wyvern bites your briar patch.
The wyvern bites the bush but does no damage.
The wolf misses you. The black bear closely misses you.
The black bear claws you but does no damage.
The black bear claws you.
* * * LOW HITPOINT WARNING * * *
The wraith hits you.
* * * LOW HITPOINT WARNING * * *
The wraith drains your vigour!
You feel as though you will be slow longer.
You sock the wraith!
You destroy the wraith!
Fedhas accepts your kill. The wolf closely misses you. The wolf misses you.
The wyvern bites your briar patch.
Your briar patch is destroyed!
Your briar patch disappears in a puff of smoke!
The scorpion stings the bush but does no damage.
The wolf bites you.
You die...
Fedhas appreciates your contribution to the ecosystem.

## #### ...
#.. ##..P. #.#
#......
####.##h....P.
#...hl@llP....
#....h♣h.s....
#.=.(l..h.?...
###....♣S♣...P
...........>.
....#..P..P...
######.......
. ........P #
#


You could see a water moccasin, 2 black bears, 3 wyverns, 3 wolves, a scorpion
and an iguana.

Vanquished Creatures
  2 two-headed ogres
  A cyclops (D:9)
  2 kobold demonologists (D:10)
  Maggie (D:7)
  2 trolls (D:9)
  2 wraiths
  12 yaks
  2 wyverns
  Menkaure (Ossuary)
  A water moccasin (D:8)
  2 orc warriors
  An ice beast (D:6)
  A black bear (D:4)
  3 sky beasts (D:6)
  A centaur (D:9)
  3 phantoms
  A kobold brigand (D:8)
  2 bullfrogs (D:8)
  2 gnoll sergeants (D:10)
  2 necrophages
  A scorpion (D:5)
  9 wights
  3 killer bees (D:9)
  A howler monkey (D:7)
  A hound (D:5)
  A jelly (D:5)
  6 orc priests
  A gnoll bouda (D:8)
  Jessica (D:3)
  An iguana (D:6)
  Natasha (thrice) (D:3)
  9 orc wizards
  4 mummies
  11 gnolls
  4 adders
  A shadow imp (D:7)
  3 white imps
  3 dart slugs
  3 worms
  39 orcs
  7 endoplasms
  6 giant cockroaches
  4 gnoll zombies (Ossuary)
  9 hobgoblins
  7 jackals
  A quokka (D:2)
  11 ball pythons
  5 bats
  3 frilled lizards
  4 gnoll skeletons (Ossuary)
  6 goblins
  4 goblin skeletons (Ossuary)
  3 goblin zombies (Ossuary)
  4 hobgoblin skeletons (Ossuary)
  9 hobgoblin zombies
  16 kobolds
  5 kobold skeletons (Ossuary)
  4 kobold zombies
  5 orc skeletons (Ossuary)
  3 orc zombies (Ossuary)
  3 rats
  3 rat skeletons (Ossuary)
  4 rat zombies (Ossuary)
  A spectral orc (D:7)
276 creatures vanquished.

Vanquished Creatures (collateral kills)
  A yak (D:10)
  A kobold brigand (D:6)
  A killer bee (D:10)
  2 kobolds (D:6)
  A ballistomycete spore (D:10)
6 creatures vanquished.

Vanquished Creatures (others)
  A hornet (D:10)
  A dancing weapon (D:10)
  5 fungi (D:11)
  8 plants (D:11)
15 creatures vanquished.

Grand Total: 297 creatures vanquished

Notes
Turn   | Place    | Note
-------+----------+-------------------------------------------
     0 | D:1      | n0ni the Spriggan Earth Elementalist began the quest for
                  | the Orb.
     0 | D:1      | Reached XP level 1. HP: 9/9 MP: 5/5
   276 | D:1      | Reached skill level 3 in Spellcasting
   276 | D:1      | Reached XP level 2. HP: 12/13 MP: 1/7
  1171 | D:2      | Found a blossoming altar of Fedhas.
  1180 | D:2      | Became a worshipper of Fedhas Madash
  1406 | D:2      | Reached XP level 3. HP: 13/16 MP: 6/9
  1729 | D:2      | Reached skill level 4 in Spellcasting
  2433 | D:3      | Learned a level 3 spell: Ozocubu's Armour
  2437 | D:3      | Learned a level 3 spell: Tukima's Dance
  2441 | D:3      | Learned a level 3 spell: Stone Arrow
  2499 | D:3      | Reached * piety under Fedhas
  2642 | D:3      | Noticed Jessica
  2670 | D:3      | Reached XP level 4. HP: 21/21 MP: 9/11
  2796 | D:3      | Found Qathin's Antique Armour Shoppe.
  2904 | D:3      | Found a faded altar of an unknown god.
  3292 | D:3      | Noticed Natasha
  3311 | D:3      | Killed Natasha
  3478 | D:3      | Noticed Natasha
  3838 | D:3      | Reached skill level 5 in Spellcasting
  4248 | D:4      | Reached XP level 5. HP: 24/24 MP: 10/13
  4379 | D:4      | Found Tisivuf's Weapon Emporium.
  4411 | D:4      | Reached ** piety under Fedhas
  4516 | D:4      | Found a sand-covered staircase.
  4524 | Ossuary  | Entered an ossuary
  5446 | Ossuary  | Reached *** piety under Fedhas
  5684 | Ossuary  | Reached skill level 6 in Spellcasting
  5867 | Ossuary  | Noticed Menkaure
  6500 | Ossuary  | Killed Menkaure
  6501 | Ossuary  | Reached XP level 6. HP: 10/28 MP: 10/16
  7559 | D:4      | Reached skill level 7 in Spellcasting
  7559 | D:4      | Reached XP level 7. HP: 23/32 MP: 9/18
  8024 | D:4      | Reached skill level 5 in Earth Magic
  8330 | D:4      | Reached **** piety under Fedhas
  8481 | D:4      | Bought a +0 vampiric morningstar for 140 gold pieces
  8686 | D:5      | Entered Level 5 of the Dungeon
  9065 | D:5      | Reached skill level 8 in Spellcasting
  9081 | D:5      | Identified a scroll of acquirement
  9081 | D:5      | Acquired 908 gold pieces
  9192 | D:3      | Bought the +1 cloak of Starlight {*Dazzle EV+4 Stlth--} for
                  | 732 gold pieces
  9192 | D:3      | Found the +1 cloak of Starlight {*Dazzle EV+4 Stlth--}
  9664 | D:6      | Learned a level 4 spell: Petrify
  9676 | D:6      | Reached skill level 1 in Maces & Flails
  9676 | D:6      | Reached XP level 8. HP: 37/37 MP: 18/21
  9942 | D:6      | Learned a level 5 spell: Agony
  9945 | D:6      | Learned a level 2 spell: Passwall
 10212 | D:6      | Reached skill level 9 in Spellcasting
 10736 | D:6      | Reached skill level 5 in Stealth
 11212 | D:6      | Reached skill level 1 in Conjurations
 11937 | D:7      | Found a staircase to the Ecumenical Temple.
 11972 | Temple   | Entered the Ecumenical Temple
 12406 | D:7      | Noticed Maggie
 12411 | D:7      | Killed Maggie
 12412 | D:7      | Reached XP level 9. HP: 22/40 MP: 0/23
 13050 | D:7      | Found a basalt altar of Yredelemnul.
 13631 | D:8      | Noticed a two-headed ogre
 13635 | D:8      | Killed a two-headed ogre
 13636 | D:8      | Reached skill level 10 in Spellcasting
 14094 | D:8      | Reached skill level 11 in Spellcasting
 14755 | D:8      | Reached skill level 1 in Evocations
 14762 | D:8      | Reached XP level 10. HP: 44/44 MP: 0/26
 15208 | D:8      | Reached ***** piety under Fedhas
 15366 | D:9      | Noticed a cyclops
 15376 | D:9      | Killed a cyclops
 15590 | D:9      | Reached skill level 1 in Fighting
 15927 | D:9      | Reached skill level 1 in Hexes
 16051 | D:9      | Reached skill level 12 in Spellcasting
 16259 | D:9      | Learned a level 1 spell: Necrotise
 17089 | D:10     | Entered Level 10 of the Dungeon
 17426 | D:10     | Noticed a rust devil
 17801 | D:10     | Noticed a two-headed ogre
 17804 | D:10     | Reached skill level 1 in Invocations
 18170 | D:10     | Killed a two-headed ogre
 18171 | D:10     | Reached skill level 13 in Spellcasting
 18528 | D:10     | Noticed a two-headed ogre
 18534 | D:10     | Noticed a boulder beetle
 18573 | D:10     | Noticed an orange demon
 19061 | D:10     | Learned a level 8 spell: Lehudib's Crystal Spear
 19103 | D:10     | Reached XP level 11. HP: 49/49 MP: 21/29
 19513 | D:10     | Reached skill level 5 in Dodging
 20045 | D:3      | Killed Jessica
 20059 | D:3      | Killed Natasha
 20310 | D:3      | Noticed Natasha
 20316 | D:3      | Killed Natasha
 20678 | D:11     | Found a staircase to the Lair.
 20702 | D:11     | HP: 1/73 [wraith (4)]
 20703 | D:11     | Slain by a wolf

Illustrated notes

Levels and vault maps discovered:
D:1:      mrwooster_arrival_statue, layout_rooms
D:2:      layout_basic, basic_altar, chequers_mini_garden
D:3:      layout_loops_corners, nicolae_ecumenical_snake_handling, serial_shops,
          shop, nicolae_concentric_dashed_squares_mild,
          minmay_fractal_squares_gapless_5, uniq_jessica, uniq_natasha
D:4:      layout_basic, nicolae_ossuary_entry_giza, serial_shops,
          nicolae_shop_crystal, minmay_puff
D:5:      layout_rooms
D:6:      cheibrodos_thug_alley, layout_loops_cross, uniq_menkaure
D:7:      layout_loops_ring, yredelemnul_forgotten_temple_becter,
          minmay_temple_entry_junction_2, dk_noncrumbling_4, uniq_maggie
D:8:      layout_loops_ring
D:9:      layout_stronghold
D:10:     hangedman_cross_cluster, layout_cave_pools,
          nicolae_hepliaklqana_hippocampus, serial_shops, kennysheep_mini_moat,
          minmay_crystal_water, nicolae_figureground_sparkle
D:11:     layout_rooms, minmay_lair_entry_grove, hiddenorc1_lemuel,
          serial_shops, nicolae_shop_overgrown_old_shop, serial_aquarium,
          aquarium_bridge_long_separate [aquarium_subvault_bridge,
          aquarium_subvault_balcony, aquarium_subvault_wall,
          aquarium_subvault_bridge, aquarium_subvault_window,
          aquarium_subvault_window], aquarium_window_corner,
          aquarium_window_corridor_1, aquarium_view_2c, uniq_lodul
Temple:   nicolae_temple_slightly_damp_pantheon

Skill      XL: |  1  2  3  4  5  6  7  8  9 10 11 |
---------------+----------------------------------+-----
Earth Magic    | 3 4 5 6 8 9 |  9.1
Spellcasting   | 3 4 5 6 7 8 9 11 13 | 13.2
Stealth        | 4 5 6 7 |  7.0
Maces & Flails | 1 2 |  2.8
Dodging        | 3 4 5 |  5.1
Conjurations   | 2 3 4 |  4.0
Evocations     | 1 2 |  2.2
Fighting       | 1 |  1.2
Hexes          | 1 |  1.5
Invocations    | 1 |  1.2
Transmutations | 2 |  2.2
Necromancy     | |  0.8
Ice Magic      | |  0.1

Action                   |  1- 3 |  4- 6 |  7- 9 | 10-12 || total
-------------------------+-------+-------+-------+-------++-------
Melee: Unarmed           |     1 |       |       |       ||     1
       Mace              |    10 |    19 |       |       ||    29
       Morningstar       |       |       |    25 |    65 ||    90
       Punch             |       |       |     1 |       ||     1
 Cast: Sandblast         |    63 |   145 |    66 |    25 ||   299
       Stone Arrow       |       |       |   101 |    64 ||   165
       Necrotise         |       |       |       |    25 ||    25
       Tukima's Dance    |       |       |       |     9 ||     9
       Petrify           |       |       |       |     9 ||     9
       Ozocubu's Armour  |       |       |       |     5 ||     5
Invok: Wall of Briars    |       |       |     7 |     3 ||    10
       Grow Ballistomyce |       |       |       |     1 ||     1
Evoke: Wand              |       |       |    16 |    18 ||    34
  Use: Scroll            |     4 |    11 |     9 |    12 ||    36
       Potion            |       |     4 |     5 |    10 ||    19
 Stab: Invisible         |       |       |     4 |    10 ||    14
Armor: Robe              |     3 |     5 |     4 |       ||    12
       Steam dragon scal |       |       |     5 |    36 ||    41
Dodge: Dodged            |    38 |    73 |   102 |   267 ||   480
